 Seeded DCSS version 0.28-a0-1412-gf95308ed99 (webtiles) character file.

Game seed: 15867286667234973899 (custom seed)

92825 flotson the Fighter (level 15, -7/122 HPs)
             Began as a Demonspawn Gladiator on Jan 6, 2022.
             Was an Initiate of Gozag.
             Mangled by a juggernaut skeleton (27 damage)
             ... on level 15 of the Dungeon on Jan 7, 2022.
             The game lasted 01:07:07 (38766 turns).

flotson the Fighter (Demonspawn Gladiator)         Turns: 38766, Time: 01:07:08

Health: -7/122     AC: 28    Str: 26    XL:     15   Next: 59%
Magic:  15/15      EV: 26    Int: 10    God:    Gozag
Gold:   3830       SH: 18    Dex: 16    Spells: 14/14 levels left

rFire   + . .      SeeInvis .   a - +8 whip "Snakebite" {venom, curare, rPois}
rCold   . . .      Faith    .   v - +0 tower shield
rNeg    . . .      Spirit   .   e - +2 plate armour {rPois}
rPois   +          Reflect  .   h - +2 hat
rElec   .          Harm     .   x - scarf {shadows}
rCorr   .          Rampage  .   O - +2 pair of gloves
Will    +....                   g - +0 pair of boots
Stlth   ..........              n - amulet of Nithrioh {Acrobat rF+}
HPRegen 0.30/turn               C - +4 ring of slaying
MPRegen 0.14/turn               k - +6 ring of strength

@: acrobatic
A: hooves 2, foul stench 3, icemail 1, sturdy frame 2, condensation shield
a: Renounce Religion, Potion Petition, Call Merchant, Bribe Branch


You were on level 15 of the Dungeon.
You worshipped Gozag.
Gozag was most pleased with you.
You visited 3 branches of the dungeon, and saw 22 of its levels.
You also visited: Gauntlet and Volcano.

You collected 6028 gold pieces.
You spent 2072 gold pieces at shops.
You paid 126 gold pieces to Gozag.

Inventory:

Hand Weapons
 a - the +8 whip "Snakebite" (weapon) {venom, curare, rPois}
   (You found it on level 3 of the Lair of Beasts)

   It poisons the flesh of those it strikes.
   It occasionally inflicts asphyxiating poison on those it strikes, dealing
   poison damage and causing slowness.
   rPois:     It protects you from poison.
Missiles
 d - 2 throwing nets (quivered)
 y - 2 curare-tipped darts
 R - 10 silver javelins
 W - 4 atropa-tipped darts
Armour
 e - a +2 plate armour of poison resistance (worn)
 g - a +0 pair of boots (worn)
 h - a +2 hat (worn)
 v - a +0 tower shield (worn)
 x - a scarf of shadows (worn)
 O - a +2 pair of gloves (worn)
Jewellery
 k - a +6 ring of strength (right hand)
 n - the amulet of Nithrioh (around neck) {Acrobat rF+}
   (You found it in a Gauntlet)

   [amulet of the acrobat]

   It increases your evasion while moving and waiting.
   rF:        It protects you from fire.
 q - a ring of resist corrosion
 C - a +4 ring of slaying (left hand)
 M - a ring of protection from cold
Wands
 t - a wand of paralysis (6)
 z - a wand of iceblast (12)
 F - a wand of mindburst (21)
 X - a wand of digging (1)
Scrolls
 c - 6 scrolls of fog
 f - 12 scrolls of teleportation
 l - 6 scrolls of silence
 r - 2 scrolls of brand weapon {unknown}
 s - 2 scrolls of immolation
 u - 4 scrolls of noise {unknown}
 B - a scroll of blinking {unknown}
 G - a scroll of summoning {unknown}
 H - a scroll of acquirement {unknown}
 J - 4 scrolls of amnesia {unknown}
 L - 2 scrolls of holy word {unknown}
 T - 2 scrolls of magic mapping
 Z - 3 scrolls of vulnerability {unknown}
Potions
 i - 6 potions of lignification
 j - a potion of invisibility
 o - 4 potions of ambrosia
 p - 5 potions of curing
 w - 2 potions of berserk rage
 A - 4 potions of heal wounds
 D - 4 potions of resistance
 I - 3 potions of haste
 K - 6 potions of flight
 P - 2 potions of attraction
 U - 5 potions of might
 Y - 2 potions of cancellation
Miscellaneous
 b - a piece from Xom's chessboard (15/15)
 E - a phantom mirror
 N - a tin of tremorstones (2/2)
 Q - a phial of floods
 S - a condenser vane
 V - a lightning rod (4/4)


   Skills:
 + Level 12.5 Fighting
 + Level 7.9(11.0) Axes
 - Level 12.1(13.0) Polearms
 - Level 10.0 Throwing
 + Level 11.4 Armour
 + Level 11.8 Dodging
 + Level 4.7 Shields
 + Level 9.1 Evocations


You had 14 spell levels left.
You didn't know any spells.
Your spell library contained the following spells:

 Spells                   Type           Power      Damage    Failure   Level
 Freeze                   Ice            0%         1d3       100%        1
 Magic Dart               Conj           0%         1d3       100%        1
 Slow                     Hex            0%         N/A       100%        1
 Corpse Rot               Necr/Air       0%         N/A       100%        2
 Ensorcelled Hibernation  Hex/Ice        0%         N/A       100%        2
 Poisonous Vapours        Pois/Air       0%         N/A       100%        2
 Searing Ray              Conj           0%         2d4       100%        2
 Sublimation of Blood     Necr           0%         N/A       100%        2
 Wereblood                Tmut           0%         N/A       100%        2
 Confusing Touch          Hex            0%         N/A       100%        3
 Dazzling Flash           Conj/Hex       0%         N/A       100%        3
 Frozen Ramparts          Ice            0%         1d2       100%        3
 Ignite Poison            Fire/Tmut/Pois 0%         N/A       100%        3
 Mephitic Cloud           Conj/Pois/Air  0%         N/A       100%        3
 Spider Form              Tmut/Pois      0%         N/A       100%        3
 Tukima's Dance           Hex            0%         N/A       100%        3
 Vampiric Draining        Necr           0%         2d6       100%        3
 Airstrike                Air            0%         N/A       100%        4
 Fulminant Prism          Conj/Hex       0%         3d6       100%        4
 Hailstorm                Conj/Ice       0%         3d3       100%        4
 Ice Form                 Ice/Tmut       0%         N/A       100%        4
 Iskenderun's Mystic Bla  Conj/Tloc      0%         2d3       100%        4
 Summon Ice Beast         Ice/Summ       0%         N/A       100%        4
 Summon Lightning Spire   Summ/Air       0%         N/A       100%        4
 Freezing Cloud           Conj/Ice/Air   0%         6-21      100%        5
 Lightning Bolt           Conj/Air       0%         1d11      100%        5
 Starburst                Conj/Fire      0%         6d3       100%        6
 Enfeeble                 Hex            0%         N/A       100%        7
 Summon Hydra             Summ           0%         N/A       100%        7


Dungeon Overview and Level Annotations

Branches:
Dungeon (15/15)            Temple (1/1) D:6            Lair (6/6) D:8
  Swamp (0/4) Lair:2       Spider (0/4) Lair:4        Slime (0/5) Lair:5
    Orc (0/2) D:12         Vaults (0/5) D:13        Volcano (visited)
Gauntlet (visited)
 Depths: D:15

Altars:
Ashenzari
Cheibriados
Dithmenos
Elyvilon
Fedhas
Gozag
Hepliaklqana
Kikubaaqudgha
Makhleb
Nemelex Xobeh
Okawaru
Qazlal
Ru
Sif Muna
Trog
Uskayaw
Vehumet
Wu Jian
Xom
Yredelemnul
Zin
The Shining One
Beogh
Jiyva

Shops:
D:10 ?*=


Innate Abilities, Weirdness & Mutations

You have hoof-like feet.
You frequently emit foul miasma when damaged in melee.
A meltable icy envelope protects you from harm. (AC +4)
Your movements are less encumbered by armour. (ER -4)
A meltable shield of frost defends you. (SH +4)


Message History

The juggernaut skeleton is heavily damaged.
You block the juggernaut skeleton's attack.
The juggernaut skeleton hits you!
You emit a cloud of foul miasma!
You hit the juggernaut skeleton.
The juggernaut skeleton is heavily damaged.
You hit the juggernaut skeleton but do no damage.
The juggernaut skeleton is heavily damaged.
The juggernaut skeleton hits you!!
The juggernaut skeleton hits you but does no damage.
You are too injured to fight recklessly!
You are too injured to fight recklessly!
You are too injured to fight recklessly!
You are too injured to fight recklessly!
You are too injured to fight recklessly!
You are too injured to fight recklessly!
You are too injured to fight recklessly!
You hit the juggernaut skeleton.
The juggernaut skeleton is heavily damaged.
You hit the juggernaut skeleton but do no damage.
The juggernaut skeleton is heavily damaged.
You hit the juggernaut skeleton.
The juggernaut skeleton is heavily damaged.
The juggernaut skeleton hits you!
* * * LOW HITPOINT WARNING * * *
The juggernaut skeleton closely misses you.
You hit the juggernaut skeleton but do no damage.
The juggernaut skeleton is heavily damaged.
You hit the juggernaut skeleton.
The juggernaut skeleton is heavily damaged.
You hit the juggernaut skeleton but do no damage.
The juggernaut skeleton is heavily damaged.
The juggernaut skeleton hits you!
* * * LOW HITPOINT WARNING * * *
You emit a cloud of foul miasma!
The juggernaut skeleton hits you!
* * * LOW HITPOINT WARNING * * *
Things that are here:
a +0 hand axe; a +0 robe The juggernaut skeleton hits you!!
You die...
Your body crumbles into a pile of gold.

..........#.#
.....#.####.#
###..#.# #.#
8####..#.# #.#####
.........# #.....#
...####.#.######.###
#...........##.#
#####...###.##.#
#.......##@#
#...###.##Z#
####...###.##.###
............)...#
.............)..#
.#######.#.##)###
#....#.##.#
#.........#
######.#.####


You could see a juggernaut skeleton.

Vanquished Creatures
  Rupert (D:12)
  A minotaur (Gauntlet)
  Snorg (D:14)
  A great orb of eyes (Gauntlet)
  3 vault guards (D:13)
  2 boulder beetles
  6 hydras
  An ogre mage (Volcano)
  Harold (D:9)
  14 two-headed ogres
  A catoblepas (Gauntlet)
  Erica (Lair:2)
  2 tengu warriors (D:13)
  8 death yaks
  Urug (D:10)
  A hell knight (Volcano)
  Nergalle (Lair:1)
  8 skeletal warriors
  A lindwurm (Lair:1)
  2 deep elf pyromancers
  A necromancer (Gauntlet)
  An orc knight (D:13)
  3 oklob plants (Lair:3)
  7 ugly things
  2 manticores
  2 cyclopes
  15 elephants
  Joseph (D:9)
  3 black mambas
  17 cane toads
  A torpor snail (Lair:3)
  2 gargoyles (Gauntlet)
  An unseen horror (D:12)
  Maggie (D:9)
  2 kobold demonologists
  4 rime drakes
  16 komodo dragons
  9 polar bears
  A troll (D:12)
  8 hornets
  3 meliai (D:15)
  13 blink frogs
  7 dream sheep
  Sigmund (D:4)
  7 slime creatures (D:13)
  A shadow (D:10)
  4 wyverns
  A vampire (D:9)
  14 spriggans (Lair:6)
  A wyvern (shapeshifter) (D:13)
  4 basilisks
  53 yaks
  2 steam dragons
  Eustachio (D:4)
  16 vampire mosquitoes
  Menkaure (D:4)
  An acid dragon (D:8)
  21 water moccasins
  A floating eye (Lair:3)
  8 orc warriors
  An ice beast (D:8)
  4 black bears
  A necrophage (D:6)
  22 wolves
  2 ogres
  3 boggarts (Lair:6)
  8 centaurs
  4 phantoms (D:5)
  Blork the orc (D:4)
  6 kobold brigands
  4 scorpions
  15 bullfrogs
  A water moccasin zombie (D:5)
  A water moccasin skeleton (D:6)
  A killer bee (shapeshifter) (D:8)
  A howler monkey (D:4)
  12 wights
  An electric eel (Lair:2)
  2 bullfrog zombies
  2 centaur zombies
  6 orc priests
  A hound (D:5)
  2 bullfrog skeletons
  A gnoll shaman (D:9)
  2 jellies
  2 centaur skeletons
  4 iguanas
  7 hell rats
  11 orc wizards
  3 killer bee zombies
  Robin (D:2)
  2 howler monkey zombies
  13 gnolls
  11 adders
  26 river rats (Lair:1)
  3 white imps
  An ufetubus (Temple)
  5 worms (Lair:4)
  3 dart slugs
  48 orcs
  7 ball pythons
  4 endoplasms
  2 giant cockroaches
  6 goblins (D:2)
  11 hobgoblins
  6 jackals
  19 kobolds
  13 quokkas
  6 bats
  3 frilled lizards
  12 rats
  A butterfly (Lair:2)
648 creatures vanquished.

Vanquished Creatures (others)
  An unseen horror (D:13)
  A bush (Lair:2)
  108 fungi
  109 plants
  9 withered plants (D:15)
228 creatures vanquished.

Grand Total: 876 creatures vanquished

Notes
Turn   | Place    | Note
-------+----------+-------------------------------------------
     0 | D:1      | flotson the Demonspawn Gladiator began the quest for the
                  | Orb.
     0 | D:1      | Reached XP level 1. HP: 16/16 MP: 1/1
   285 | D:1      | Gained mutation: Your movements are slightly less
                  | encumbered by armour. (ER -2) [demonic ancestry]
   285 | D:1      | Reached XP level 2. HP: 20/22 MP: 2/2
   634 | D:1      | Found a faded altar of an unknown god.
  1011 | D:2      | Gained mutation: You may rarely emit foul miasma when
                  | damaged in melee. [demonic ancestry]
  1011 | D:2      | Reached XP level 3. HP: 27/28 MP: 3/3
  1022 | D:2      | Noticed Robin
  1041 | D:2      | Killed Robin
  1042 | D:2      | Reached skill level 1 in Armour
  1971 | D:2      | Gained mutation: You have large cloven feet. [demonic
                  | ancestry]
  1971 | D:2      | Reached XP level 4. HP: 20/34 MP: 4/4
  2765 | D:3      | Gained mutation: A meltable shield of frost defends you.
                  | (SH +4) [demonic ancestry]
  2765 | D:3      | Reached XP level 5. HP: 28/40 MP: 5/5
  3275 | D:4      | Noticed Blork the orc
  3554 | D:4      | Killed Blork the orc
  3555 | D:4      | Reached XP level 6. HP: 39/47 MP: 6/6
  4104 | D:4      | Noticed Sigmund
  4540 | D:4      | Killed Sigmund
  4541 | D:4      | Reached XP level 7. HP: 51/53 MP: 7/7
  4639 | D:4      | Noticed Menkaure
  4807 | D:4      | Killed Menkaure
  4920 | D:5      | Entered Level 5 of the Dungeon
  5308 | D:5      | Noticed Eustachio
  5360 | D:4      | Killed Eustachio
  5361 | D:4      | Reached skill level 1 in Polearms
  5361 | D:4      | Gained mutation: You have hoof-like feet. [demonic
                  | ancestry]
  5361 | D:4      | Reached XP level 8. HP: 41/61 MP: 8/8
  6243 | D:6      | Reached skill level 5 in Dodging
  6399 | D:5      | Reached skill level 5 in Fighting
  6746 | D:6      | Found an ancient bone altar of Kikubaaqudgha.
  6766 | D:6      | Found a shadowy altar of Dithmenos.
  6942 | D:5      | Reached skill level 5 in Throwing
  7169 | D:6      | Found a staircase to the Ecumenical Temple.
  7177 | Temple   | Entered the Ecumenical Temple
  7614 | D:6      | Found a hazy altar of Hepliaklqana.
  7965 | D:7      | Gained mutation: You sometimes emit foul miasma when
                  | damaged in melee. [demonic ancestry]
  7965 | D:7      | Reached XP level 9. HP: 64/68 MP: 9/9
  8636 | D:7      | Reached skill level 5 in Armour
  8703 | D:7      | Reached skill level 5 in Polearms
  9598 | D:7      | Found a blossoming altar of Fedhas.
 10294 | D:8      | Noticed a cyan ugly thing
 10300 | D:8      | Killed a cyan ugly thing
 10301 | D:8      | Reached XP level 10. HP: 43/77 MP: 10/10
 10822 | D:8      | Found a staircase to the Lair.
 11228 | D:8      | Found an ornate altar of the Wu Jian Council.
 11782 | D:8      | Found an iron altar of Okawaru.
 11869 | D:9      | Noticed Maggie
 11889 | D:9      | Killed Maggie
 11974 | D:9      | Noticed a two-headed ogre
 11994 | D:9      | Killed a two-headed ogre
 12117 | D:9      | Found a snail-covered altar of Cheibriados.
 12125 | D:9      | Found a basalt altar of Yredelemnul.
 12128 | D:9      | Found a sparkling altar of Nemelex Xobeh.
 12128 | D:9      | Noticed Harold
 12139 | D:9      | Killed Harold
 12244 | D:9      | Found an opulent altar of Gozag.
 12249 | D:9      | Found a burning altar of Makhleb.
 12251 | D:9      | Became a worshipper of Gozag Ym Sagoz the Greedy
 12347 | D:9      | Found a radiant altar of Vehumet.
 12353 | D:9      | Noticed Joseph
 12366 | D:9      | Killed Joseph
 12717 | D:9      | Reached XP level 11. HP: 77/86 MP: 11/11
 13353 | D:10     | Entered Level 10 of the Dungeon
 13804 | D:10     | Found Heothrec's Assorted Antiques.
 13806 | D:10     | Found Edgheapost's Magic Scroll Shop.
 13806 | D:10     | Found Ymaaxieq's Distillery.
 14085 | D:10     | Bought a pair of glowing gloves for 217 gold pieces
 14085 | D:10     | Bought a potion of curing for 87 gold pieces
 14092 | D:10     | Found Ewiseeg's Jewellery Shop.
 14099 | D:10     | Bought a scroll of identify for 20 gold pieces
 14099 | D:10     | Bought a scroll of identify for 20 gold pieces
 14099 | D:10     | Bought a scroll of magic mapping for 35 gold pieces
 14099 | D:10     | Bought a scroll of immolation for 35 gold pieces
 14099 | D:10     | Bought a scroll of fog for 20 gold pieces
 14217 | D:10     | Noticed Urug
 14238 | D:10     | Killed Urug
 14361 | D:10     | Noticed a two-headed ogre
 14370 | D:10     | Killed a two-headed ogre
 15205 | Lair:1   | Entered Level 1 of the Lair of Beasts
 15271 | Lair:1   | Found a dark tunnel.
 15271 | Lair:1   | Noticed a lindwurm
 15279 | Volcano  | Entered a volcano
 15435 | Volcano  | Noticed an ogre mage
 15467 | Volcano  | Noticed a two-headed ogre
 15468 | Volcano  | Found a bloodstained altar of Trog.
 15468 | Volcano  | Noticed a two-headed ogre
 15496 | Volcano  | Killed a two-headed ogre
 15496 | Volcano  | Killed a two-headed ogre
 15830 | Volcano  | Noticed a hell knight
 15830 | Volcano  | Noticed a two-headed ogre
 15841 | Volcano  | Noticed a two-headed ogre
 15843 | Volcano  | Killed an ogre mage
 15846 | Volcano  | Killed a two-headed ogre
 15847 | Volcano  | Reached skill level 1 in Evocations
 15848 | Volcano  | Killed a two-headed ogre
 15852 | Volcano  | Killed a hell knight
 15915 | Volcano  | Noticed a two-headed ogre
 15937 | Volcano  | Killed a two-headed ogre
 15938 | Volcano  | Reached skill level 10 in Polearms
 15938 | Volcano  | Gained mutation: Your movements are less encumbered by
                  | armour. (ER -4) [demonic ancestry]
 15938 | Volcano  | Reached XP level 12. HP: 20/95 MP: 12/12
 16233 | Volcano  | Noticed a two-headed ogre
 16241 | Volcano  | Killed a two-headed ogre
 16696 | Lair:1   | Noticed Nergalle
 17261 | Lair:1   | Killed Nergalle
 18889 | Lair:2   | Noticed a five-headed hydra
 19196 | Lair:2   | Killed a two-headed hydra
 20379 | Lair:2   | Noticed Erica
 20391 | Lair:2   | Killed Erica
 20392 | Lair:2   | Reached skill level 10 in Fighting
 20489 | Lair:2   | Reached XP level 13. HP: 70/103 MP: 13/13
 20754 | Lair:2   | Reached skill level 5 in Evocations
 21533 | D:10     | Bought a +4 ring of slaying for 936 gold pieces
 21537 | D:10     | Bought a +6 ring of strength for 702 gold pieces
 21917 | Lair:2   | Found a staircase to the Swamp.
 23585 | Lair:3   | Reached skill level 10 in Dodging
 23684 | Lair:3   | Found the +8 whip "Snakebite" {venom, curare, rPois}
 24491 | Lair:4   | Found a hole to the Spider Nest.
 25561 | Lair:5   | Found a viscous altar of Jiyva.
 25561 | Lair:5   | Found a staircase to the Slime Pits.
 25657 | Lair:5   | Reached skill level 5 in Axes
 25657 | Lair:5   | Reached skill level 10 in Throwing
 25968 | Lair:5   | Reached skill level 10 in Armour
 26160 | Lair:4   | Gained mutation: A meltable icy envelope protects you from
                  | harm. (AC +4) [demonic ancestry]
 26160 | Lair:4   | Reached XP level 14. HP: 53/113 MP: 14/14
 27208 | Lair:6   | Entered Level 6 of the Lair of Beasts
 28737 | Lair:6   | Reached skill level 1 in Shields
 29141 | Lair:6   | Identified the +1 robe of Abeyczocw {rPois rF+ SInv}
 31245 | D:12     | Found a staircase to the Orcish Mines.
 32070 | D:12     | Noticed Rupert
 32185 | D:12     | Killed Rupert
 32855 | D:13     | Found a gate to the Vaults.
 32975 | D:13     | Found a gate leading to a gauntlet.
 32985 | Gauntlet | Entered a Gauntlet
 32985 | Gauntlet | Found a transporter.
 33031 | Gauntlet | Found a transporter.
 33043 | Gauntlet | Found a transporter.
 33064 | Gauntlet | Found a transporter.
 33076 | Gauntlet | Found a transporter.
 33090 | Gauntlet | Found a runed translucent door.
 33092 | Gauntlet | Found a transporter.
 33094 | Gauntlet | Found a runed translucent door.
 33102 | Gauntlet | Found a transporter.
 33116 | Gauntlet | Found a transporter.
 33138 | Gauntlet | Found a transporter.
 33151 | Gauntlet | Found a transporter.
 33167 | Gauntlet | Found a transporter.
 33197 | Gauntlet | Gained mutation: You frequently emit foul miasma when
                  | damaged in melee. [demonic ancestry]
 33197 | Gauntlet | Reached XP level 15. HP: 120/120 MP: 15/15
 33247 | Gauntlet | Found a transporter.
 33438 | Gauntlet | Found a transporter.
 33458 | Gauntlet | Found a transporter.
 33478 | Gauntlet | Identified the ring "Byngoir" {Will+ Stlth+}
 33702 | Gauntlet | Identified the amulet of Nithrioh {Acrobat rF+}
 33780 | Gauntlet | Identified the +6 longbow "Qaesesoc" {vorpal, Stlth+}
 36094 | D:14     | Found a broken altar of Ashenzari.
 36885 | D:14     | Noticed Snorg
 36895 | D:14     | Killed Snorg
 38257 | D:15     | Entered Level 15 of the Dungeon
 38766 | D:15     | Mangled by a juggernaut skeleton

Illustrated notes

Levels and vault maps discovered:
D:1:      ncdulo_halloftheorcs, layout_loops_cross,
          shapermc_ecumenical_altar_acropolis, nrook_mini_backslash,
          nicolae_concentric_dashed_squares_mild
D:2:      layout_basic, uniq_robin
D:3:      layout_loops_cross
D:4:      layout_basic, minmay_misc_feat_columns, uniq_menkaure, uniq_sigmund,
          uniq_blork_the_orc
D:5:      layout_cave_pools, nicolae_fountain_basement, uniq_eustachio
D:6:      layout_basic, nicolae_dithmenos_through_a_glass_darkly,
          mainiacjoe_overflow_brackets, nicolae_kikubaaqudgha_miasma_corner,
          minmay_temple_entry_nine_rooms
D:7:      nicolae_BIG_FREAKIN_CUBE, layout_cave_pools,
          nicolae_overflow_crystal_walls, minmay_a_box_with_orc_wizards_in_it
D:8:      layout_loops_ring, general_overflow_altar, mainiacjoe_overflow_paths,
          due_lair_maze_entry_diamond, amcnicky_mini_corridor_feature
D:9:      layout_long_grid, overflow_temple_1_default,
          nicolae_overflow_hallway_of_the_gods, uniq_harold, uniq_maggie,
          uniq_joseph
D:10:     layout_irregular_city, minmay_shop_grid_forest, library_closet,
          uniq_urug
D:11:     layout_stronghold
D:12:     layout_roguey, david_orc_5, grunt_decor_mini_mirrors, uniq_rupert
D:13:     layout_grid_maze, lightli_vaults_fourway_checkpoint,
          gauntlet_entry_generic
D:14:     layout_roguey, evilmike_ruin_ashenzari, zin_scriptorium, uniq_snorg
D:15:     gammafunk_depths_entry_grave, layout_basic,
          hangedman_abyss_or_decor_stagger, minivault_25_ag,
          chequers_mini_garden
Temple:   jpeg_temple_island
Lair:1:   lemuel_ratsnest, layout_chaotic_city, nicolae_volcano_entry_vermiform,
          nicolae_lair_lil_pond, st_stairs_4, kennysheep_rathole, uniq_nergalle
Lair:2:   layout_roguey, minmay_swamp_entry_swarm, grunt_megastairs_5,
          lemuel_fruit_fields, serial_bayou_shore_a, lemuel_fruit_tree,
          infiniplex_staircase_pool, uniq_erica
Lair:3:   minmay_guarded_unrand_snakebite, layout_loops_ring,
          cheibrodos_lair_caveside_slide, disabler_island, grunt_megastairs_3
Lair:4:   layout_roguey, nicolae_spider_entry_non_spiders
Lair:5:   layout_loops_ring, slime_altar_1
Lair:6:   minmay_lair_end_enchanted_forest, layout_small_grid,
          hangedman_lair_unloving_vines

Skill      XL: |  1  2  3  4  5  6  7  8  9 10 11 12 13 14 15 |
---------------+----------------------------------------------+-----
Throwing       | 2 3 4 5 6 7 8 9 10 | 10.0
Axes           | 3 4 5 7 |  7.9
Armour         | 1 2 3 4 5 6 8 9 10 11 | 11.4
Dodging        | 3 4 5 6 7 8 9 10 11 | 11.8
Fighting       | 3 4 5 6 7 9 10 11 12 | 12.5
Polearms       | 1 4 6 8 10 11 12 | 12.1
Evocations     | 2 4 6 8 9 |  9.1
Shields        | 3 4 |  4.7

Action                   |  1- 3 |  4- 6 |  7- 9 | 10-12 | 13-15 || total
-------------------------+-------+-------+-------+-------+-------++-------
Melee: War axe           |    82 |       |     2 |       |       ||    84
       Trident           |    29 |   120 |       |       |       ||   149
       Punch             |       |     2 |       |     8 |     9 ||    19
       Glaive            |       |    36 |   489 |   261 |       ||   786
       Broad axe         |       |       |       |   441 |   219 ||   660
       Scimitar          |       |       |       |     4 |       ||     4
       Whip              |       |       |       |       |  1217 ||  1217
Throw: Dart              |     3 |    47 |    11 |    14 |     1 ||    76
       Javelin           |       |       |       |     8 |     2 ||    10
       Throwing net      |       |       |       |     8 |     1 ||     9
       Boomerang         |       |       |       |     6 |       ||     6
Evoke: Wand              |       |       |       |    12 |     4 ||    16
       Condenser vane    |       |       |       |     1 |       ||     1
  Use: Scroll            |       |       |     5 |     7 |     9 ||    21
       Potion            |       |       |       |     3 |     2 ||     5
 Stab: Sleeping          |     2 |     1 |       |     1 |       ||     4
       Held in net/web   |       |       |       |     2 |     3 ||     5
       Distracted        |       |       |       |     2 |     9 ||    11
Armor: Leather armour    |    33 |       |       |       |       ||    33
       Ring mail         |    12 |    55 |   181 |   111 |       ||   359
       Plate armour      |       |       |       |   254 |   712 ||   966
       Chain mail        |       |       |       |     1 |       ||     1
Dodge: Dodged            |    95 |    93 |   336 |   615 |   746 ||  1885
Block: Other             |       |    19 |   248 |   148 |   100 ||   515
       Reflection        |       |       |     6 |       |       ||     6
       Kite shield       |       |       |       |       |   393 ||   393
       Tower shield      |       |       |       |       |   252 ||   252

Table legend: (Time is in decaauts)
 A = Elapsed time spent in this place.
 B = Non-inter-level travel time spent in this place.
 C = Inter-level travel time spent in this place.
 D = Time resting spent in this place.
 E = Time spent auto-exploring this place.
 F = Levels seen in this place.
 G = Mean time per level.
                   A        B        C        D        E       F      G
               +--------+--------+--------+--------+--------+-----+--------+
         Total |  39487 |  37637 |   1850 |   3722 |  26604 |  24 | 1645.3 |
       Dungeon |  23300 |  22243 |   1057 |   1552 |  16279 |  15 | 1553.3 |
        Temple |    284 |    273 |     11 |      0 |    258 |   1 |  284.0 |
          Lair |  13626 |  12845 |    781 |   1692 |   8749 |   6 | 2271.0 |
       Volcano |   1145 |   1145 |      0 |    249 |    689 |   1 | 1145.0 |
      Gauntlet |   1131 |   1131 |      0 |    229 |    628 |   1 | 1131.0 |
               +--------+--------+--------+--------+--------+-----+--------+

Top non-repeatable levels by time:
  Lair:1: 3409 daAuts
  Lair:6: 2547 daAuts
     D:8: 2421 daAuts
  Lair:2: 2282 daAuts
    D:13: 2214 daAuts
  Lair:3: 2001 daAuts
     D:9: 1941 daAuts
    D:10: 1874 daAuts
  Lair:4: 1832 daAuts
     D:7: 1744 daAuts
  Lair:5: 1553 daAuts
    D:14: 1552 daAuts
    D:11: 1546 daAuts
     D:4: 1503 daAuts
     D:6: 1468 daAuts
